 Dungeon Crawl Stone Soup version 0.20-a0-317-gc038824 (webtiles) character file.

107 GordonOverkill the Shield-Bearer (level 4, 0/36 HPs)
             Began as a Minotaur Air Elementalist on Dec 21, 2016.
             Slain by a hobgoblin
             ... wielding a +0 club
              (2 damage)
             ... on level 4 of the Dungeon.
             The game lasted 00:11:25 (4294 turns).

GordonOverkill the Shield-Bearer (MiAE)             Turns: 4294, Time: 00:11:25

Health: 0/36       AC:  5    Str: 14    XL:     4   Next: 57%
Magic:  0/5        EV:  6    Int: 12    God:
Gold:   147        SH: 12    Dex: 10    Spells: 4/5 levels left

rFire  . . .     SeeInvis .     m - +0 spear (curse)
rCold  . . .     Gourm    .     a - +0 ring mail
rNeg   + . .     Faith    .     v - +0 large shield
rPois  .         Spirit   +     (helmet restricted)
rElec  .         Reflect  .     (no cloak)
rCorr  .         Harm     .     (no gloves)
MR     .....                    (no boots)
Stlth  +.........               t - amulet of guardian spirit
                                (no ring)
                                x - ring of positive energy

@: no status effects
A: retaliatory headbutt, horns 2
a: no special abilities


You were on level 4 of the Dungeon.
You were not hungry.

You visited 1 branch of the dungeon, and saw 4 of its levels.

You collected 147 gold pieces.

Inventory:

Hand Weapons
 m - a cursed +0 spear (weapon)
Missiles
 q - 71 stones (quivered)
Armour
 a - a +0 ring mail (worn)
 v - a +0 large shield (worn)
Jewellery
 t - an amulet of guardian spirit (around neck)
 x - a ring of positive energy (left hand)
Scrolls
 e - a scroll of fear {unknown}
 g - a scroll of teleportation {unknown}
 h - 3 scrolls of identify {unknown}
 j - a scroll of blinking {unknown}
 y - a scroll of amnesia {unknown}
 z - a scroll of enchant weapon {unknown}
Potions
 f - a potion of haste {unknown}
 i - a potion of agility {unknown}
 l - 2 potions of cancellation {unknown}
 n - 3 potions of curing {unknown}
 o - a potion of heal wounds {unknown}
 r - a potion of lignification {unknown}
 s - a potion of degeneration {unknown}
Books
 b - a book of Air

   Spells                             Type                      Level
   a - Shock                          Conjuration/Air              1
   b - Swiftness                      Charms/Air                   2
   c - Repel Missiles                 Charms/Air                   2
   d - Static Discharge               Conjuration/Air              3
   e - Lightning Bolt                 Conjuration/Air              5
 p - a book of Changes

   Spells                             Type                      Level
   a - Beastly Appendage              Transmutation                1
   b - Sticks to Snakes               Transmutation                2
   c - Spider Form                    Transmutation/Poison         3
   d - Ice Form                       Ice/Transmutation            4
   e - Blade Hands                    Transmutation                5
Comestibles
 c - 4 bread rations
 d - 2 fruits
 k - 4 chunks of flesh
 u - 2 meat rations


   Skills:
 + Level 2.1 Fighting
 * Level 2.2 Polearms
 + Level 2.3 Armour
 - Level 2.1 Dodging
 - Level 1.5 Stealth
 + Level 2.6 Shields
 - Level 1.3 Spellcasting
 - Level 0.6 Conjurations
 - Level 2.1 Air Magic


You had 4 spell levels left.
You knew the following spells:

 Your Spells              Type           Power        Failure   Level  Hunger
a - Shock                 Conj/Air       #...         100%        1    ##.....


Dungeon Overview and Level Annotations

Branches:
Dungeon (4/15)
 Temple: D:4-7

Altars:
Yredelemnul


Innate Abilities, Weirdness & Mutations

You reflexively headbutt those who attack you in melee.
You have a pair of horns on your head.


Message History

You headbutt the ogre, but do no damage.
The ogre is moderately wounded.
The ogre hits you with a giant club!
You are too injured to fight recklessly!
You are too injured to fight recklessly!
Things that are here:
a club x2; a goblin skeleton
Things that are here:
an enchanted club; a runed animal skin; a runed helmet
Things that are here:
a club; a goblin skeleton Some of the chunks of flesh in your inventory have rotted away.
You hit the hobgoblin. Your headbutt misses the hobgoblin.
The hobgoblin is severely wounded.
The hobgoblin hits you but does no damage.
The ogre hits you with a giant club!!
Ouch! That really hurt!
* * * LOW HITPOINT WARNING * * *
The hobgoblin hits you with a club.
You die...

... #.....#
###..####.#.#
...........#
....####.#.######
. #... #.........
#.##..###.########
#.......g.#
#####..##O#
##.##@# #g.#g#
##.#.######.
####.#........
+........#####
####...#.###
##......# #......#
#.#######.....###


You could see an ogre and 2 hobgoblins.

Vanquished Creatures
  Robin (D:4)
  3 adders
  3 worms
  A dart slug (D:2)
  3 leopard geckos
  2 ball pythons
  6 bats
  2 giant cockroaches
  14 goblins
  5 hobgoblins
  2 quokkas
  4 frilled lizards
  7 kobolds
  4 rats
57 creatures vanquished.

Notes
Turn   | Place    | Note
-------+----------+-------------------------------------------
     0 | D:1      | GordonOverkill the Minotaur Air Elementalist began the quest for the Orb.
     0 | D:1      | Reached XP level 1. HP: 14/14 MP: 1/1
   114 | D:1      | Reached skill level 1 in Fighting
   123 | D:1      | Reached skill level 1 in Armour
   500 | D:1      | Reached XP level 2. HP: 23/23 MP: 3/3
  1441 | D:2      | Reached skill level 1 in Shields
  2049 | D:2      | Reached XP level 3. HP: 29/29 MP: 4/4
  2872 | D:3      | Reached skill level 1 in Polearms
  3434 | D:3      | Found a basalt altar of Yredelemnul.
  3511 | D:3      | Reached XP level 4. HP: 36/36 MP: 5/5
  3954 | D:4      | Noticed an ogre
  4026 | D:4      | Noticed Robin
  4079 | D:4      | Killed Robin
  4294 | D:4      | Slain by a hobgoblin

Vault maps used:
D:1:      dpeg_arrival_rhombi
D:3:      marbit_many_paths, first_bread, minmay_distorted
D:4:      uniq_robin

Skill      XL: |  1  2  3  4 |
---------------+-------------+-----
Fighting       | 1 2 |  2.1
Armour         | 1 2 |  2.3
Shields        | 1 2 |  2.6
Polearms       | 1 2 |  2.2
Dodging        | |  2.1
Stealth        | |  1.5
Spellcasting   | |  1.3
Conjurations   | |  0.6
Air Magic      | |  2.1

Action                   |  1- 3 |  4- 6 || total
-------------------------+-------+-------++-------
Melee: Dagger            |    18 |       ||    18
       Spear             |   157 |    96 ||   253
       Headbutt          |     7 |     9 ||    16
Throw: Stone             |    14 |       ||    14
 Cast: Shock             |     3 |       ||     3
 Stab: Sleeping          |     4 |       ||     4
  Eat: Chunk             |     8 |     3 ||    11
Armor: Robe              |     5 |       ||     5
       Ring mail         |       |    24 ||    24
Dodge: Dodged            |    38 |    10 ||    48
Block: Buckler           |     5 |       ||     5
       Large shield      |    11 |    43 ||    54
